 Dungeon Crawl Stone Soup version 0.28-a0-895-g6e5f11bd55 (webtiles) character file.

Game seed: 12328520608460398185

3 willcat the Sneak (level 1, -2/18 HPs)
             Began as a Demonspawn Delver on Nov 22, 2021.
             Killed from afar by a white imp (5 damage)
             ... with a puff of frost
             ... on level 5 of the Dungeon.
             The game lasted 00:00:36 (261 turns).

willcat the Sneak (Demonspawn Delver)                Turns: 261, Time: 00:00:36

Health: -2/18      AC:  3    Str: 12    XL:     1   Next: 41%
Magic:  1/1        EV: 11    Int: 11    God:
Gold:   17         SH:  0    Dex: 14    Spells: 0/0 levels left

rFire   . . .      SeeInvis .     - Unarmed
rCold   . . .      Faith    .   (no shield)
rNeg    . . .      Spirit   .   a - +0 leather armour
rPois   .          Reflect  .   (no helmet)
rElec   .          Harm     .   (no cloak)
rCorr   .          Rampage  .   (no gloves)
Will    .....                   (no boots)
Stlth   ++........              (no amulet)
HPRegen 0.06/turn               (no ring)
MPRegen 0.07/turn               (no ring)

@: no status effects
A: no striking features
a: no special abilities


You were on level 5 of the Dungeon.
You visited 1 branch of the dungeon, and saw 1 of its levels.

You collected 17 gold pieces.

Inventory:

Armour
 a - a +0 leather armour (worn)
Wands
 f - a wand of digging (2)
Scrolls
 b - a scroll of fog
 c - a scroll of magic mapping
 d - a scroll of fear
Potions
 e - a potion of haste


   Skills:
 + Level 3.1 Fighting
 - Level 1.7 Dodging
 - Level 4.5 Stealth
 + Level 1.9 Unarmed Combat


You couldn't memorise any spells.
You didn't know any spells.
Your spell library was empty.

Dungeon Overview and Level Annotations

Branches:
Dungeon (5/15)
 Temple: D:4-7

Altars:
Fedhas
Vehumet


Message History

Found a robe.
You now have 17 gold pieces.
Found 18 stones.
Found 13 stones.
You see here a +0 robe.
An orc and 2 orc wizards come into view.
The orc shouts!
You hear a shout!
An orc comes into view. It is wielding a +0 club.
You see here a +0 robe.
The orc wizard casts a spell at you. The magic dart hits you.
The orc wizard hits something with a +0 dagger.
You see here a +0 robe.
A white imp comes into view.
The white imp closely misses you.
Aiming: Dig
Press: ? - help, Shift-Dir - straight line A rock wall.
The rock shatters into small pieces.
The white imp closely misses you. The white imp barely misses you.
The white imp hits you but does no damage.
Unknown command.
The orc wizard gestures wildly while chanting.
The orc wizard flickers and vanishes!
Deactivating autopickup; reactivate with Ctrl-A.
The white imp gestures at you. The puff of frost hits you!
Ouch! That really hurt!
An adder comes into view.
Found a chain mail.
Found a radiant altar of Vehumet.
The adder hisses angrily.
The white imp gestures at you. The puff of frost hits you.
* * * LOW HITPOINT WARNING * * *
The adder bites you but does no damage.
An orc comes into view. It is wielding a +0 club.
Found a fuming pink potion.
The white imp gestures at you. The puff of frost hits you.
You die...

#.# #.# #.#. . . .##
#.# ...#.#.#..# ..# #
....o.... ## ###
#..#..#.#..#..#
.............#
#.#.#.....#.#.#
#......_......# #####
.#.#..@S.#.#.# ....#
#!............# ###.#
#..#..#.#..#..# ###.#
##...........## .##.#
##..#.#.#.5.# .##.#
##.......#o# .##.#
#########.# ....#
#.#####.#
.##############..o....#


You could see an adder, a white imp and 2 orcs.

Vanquished Creatures
  An adder skeleton (D:5)
1 creature vanquished.

Vanquished Creatures (others)
  2 fungi (D:5)
  2 plants (D:5)
4 creatures vanquished.

Grand Total: 5 creatures vanquished

Notes
Turn   | Place    | Note
-------+----------+-------------------------------------------
     0 | D:5      | willcat the Demonspawn Delver began the quest for the Orb.
     0 | D:5      | Reached XP level 1. HP: 18/18 MP: 1/1
   186 | D:5      | Found a blossoming altar of Fedhas.
   203 | D:5      | Noticed an orc wizard
   203 | D:5      | Noticed an orc wizard
   255 | D:5      | Found a radiant altar of Vehumet.
   261 | D:5      | Killed from afar by a white imp

Illustrated notes

Levels and vault maps discovered:
D:5:      layout_loops_ring, fedhas_altar_3, nicolae_vehumet_radiance,
          gammafunk_ghost_smash

Action                   || total
-------------------------++-------
Melee: Unarmed           ||     6
Evoke: Wand              ||     1
Armor: Leather armour    ||     2
Dodge: Dodged            ||     6

Table legend: (Time is in decaauts)
 A = Elapsed time spent in this place.
 B = Non-inter-level travel time spent in this place.
 C = Inter-level travel time spent in this place.
 D = Time resting spent in this place.
 E = Time spent auto-exploring this place.
 F = Levels seen in this place.
 G = Mean time per level.
                   A        B        C        D        E       F      G
               +--------+--------+--------+--------+--------+-----+--------+
         Total |    260 |    260 |      0 |     55 |    110 |   1 |  260.0 |
       Dungeon |    260 |    260 |      0 |     55 |    110 |   1 |  260.0 |
               +--------+--------+--------+--------+--------+-----+--------+

Top non-repeatable levels by time:
     D:5: 260 daAuts
